 Dungeon Crawl Stone Soup version 0.27-a0-1442-g87b6fcb595 (webtiles) character file.

Game seed: 13838862367613172624

380843 hatdisgam the Unseen (level 22, -4/174 (177) HPs)
             Began as a Gnoll Delver on June 27, 2021.
             Was the Champion of Makhleb.
             Shot with an arrow by a deep elf master archer (6 damage)
             ... on level 3 of the Elven Halls on July 4, 2021.
             The game lasted 02:23:02 (52251 turns).

hatdisgam the Unseen (Gnoll Delver)                Turns: 52251, Time: 02:23:04

HP:   -4/174 (177)  AC: 17    Str: 16    XL:     22   Next: 88%
MP:   40/40         EV: 20    Int: 19    God:    Makhleb [******]
Gold: 2121          SH: 13    Dex: 16    Spells: 3/50 levels left

rFire    . . .     SeeInvis +   b - +8 broad axe (elec)
rCold    + . .     Faith    .   w - +0 kite shield
rNeg     + . .     Spirit   .   T - +2 troll leather armour
rPois    +         Reflect  .   G - +2 hat
rElec    +         Harm     .   A - scarf {shadows}
rCorr    .         Rampage  .   l - +3 pair of gauntlets of War {Slay+5}
Will     +....                  q - +0 pair of boots {Fly}
Stlth    ++++++....             Y - amulet of Recec {rElec rC+ Regen+ Str+2}
HPRegen  2.39/turn              M - ring "Echon" {rC- rN+ Int+2 SInv}
MPRegen  0.27/turn              P - ring "Dyso Ohegyaps" {rPois rC+ Slay+5}

@: flying, lightly drained
A: fangs 1, strong nose, distributed training, talons 1, agile 1, sense
surroundings 1
}: 2/15 runes: serpentine, barnacled
a: Renounce Religion, Minor Destruction, Lesser Servant of Makhleb, Major
Destruction, Greater Servant of Makhleb


You were on level 3 of the Elven Halls.
You worshipped Makhleb.
Makhleb was exalted by your worship.
You visited 8 branches of the dungeon, and saw 39 of its levels.
You visited the Abyss 1 time.
You visited 2 bazaars.
You also visited: Ossuary, Gauntlet and Ice Cave.

You collected 5835 gold pieces.
You spent 3714 gold pieces at shops.

Inventory:

Hand Weapons
 a - a +2 hand crossbow of flaming
 b - a +8 broad axe of electrocution (weapon)
Missiles
 m - 21 throwing nets (quivered)
 n - 515 sling bullets
 s - 38 boomerangs
 u - 26 silver javelins
 v - 1420 bolts
 D - 17 boomerangs of dispersal
 H - 1145 arrows
 J - 37 javelins
Armour
 l - the +3 pair of gauntlets of War (worn) {Slay+5}
   (You found it in an ice cave)

   Slay:      It affects your accuracy & damage with ranged weapons and melee
   (+5).
 q - a +0 pair of boots of flying (worn)
 w - a +0 kite shield (worn)
 A - a scarf of shadows (worn)
 G - a +2 hat (worn)
 T - a +2 troll leather armour (worn)
Jewellery
 x - a ring of flight
 y - a ring of protection from fire
 M - the ring "Echon" (left hand) {rC- rN+ Int+2 SInv}
   (You bought it in a shop on level 2 of the Orcish Mines)

   [ring of see invisible]

   Int:       It affects your intelligence (+2).
   rC:        It makes you vulnerable to cold.
   rN:        It protects you from negative energy.
   SInv:      It lets you see invisible.
 O - a +4 ring of protection
 P - the ring "Dyso Ohegyaps" (right hand) {rPois rC+ Slay+5}
   (You found it in a Gauntlet)

   [ring of protection from cold]

   Slay:      It affects your accuracy & damage with ranged weapons and melee
   (+5).
   rC:        It protects you from cold.
   rPois:     It protects you from poison.
 U - an amulet of the acrobat
 X - a ring of resist corrosion
 Y - the amulet of Recec (around neck) {rElec rC+ Regen+ Str+2}
   (You found it in a Gauntlet)

   [amulet of regeneration]

   Str:       It affects your strength (+2).
   rC:        It protects you from cold.
   rElec:     It insulates you from electricity.
   Regen:     It increases your rate of health regeneration.
Wands
 g - a wand of digging (7)
 I - a wand of iceblast (55)
 K - a wand of paralysis (52)
 N - a wand of acid (15)
 V - a wand of mindburst (18)
Scrolls
 c - 6 scrolls of fog
 d - 6 scrolls of magic mapping
 i - 12 scrolls of teleportation
 o - 5 scrolls of blinking
 r - 5 scrolls of amnesia
 F - 3 scrolls of fear
 W - 6 scrolls of identify
 Z - 2 scrolls of enchant armour
Potions
 e - 2 potions of might
 h - 2 potions of magic
 j - 5 potions of mutation
 t - 13 potions of curing
 B - 3 potions of cancellation
 C - 9 potions of flight
 L - 3 potions of attraction
 Q - 4 potions of haste
 R - 6 potions of brilliance
Miscellaneous
 k - a condenser vane
 p - a lightning rod (4/4)
 z - a phial of floods
 E - a phantom mirror
 S - a tin of tremorstones (2/2)


   Skills:
 + Level 15.9 Fighting
 + Level 14.8 Short Blades
 + Level 15.3 Long Blades
 + Level 14.8 Axes
 + Level 14.8 Maces & Flails
 + Level 14.8 Polearms
 + Level 14.8 Staves
 + Level 14.8 Slings
 + Level 14.8 Bows
 + Level 14.8 Crossbows
 + Level 14.8 Throwing
 + Level 14.8 Armour
 + Level 15.3 Dodging
 + Level 16.9 Stealth
 + Level 14.8 Shields
 + Level 14.8 Unarmed Combat
 + Level 14.8 Spellcasting
 + Level 12.7 Conjurations
 + Level 12.7 Hexes
 + Level 12.7 Summonings
 + Level 12.7 Necromancy
 + Level 12.7 Translocations
 + Level 12.7 Transmutations
 + Level 12.7 Fire Magic
 + Level 12.7 Ice Magic
 + Level 12.7 Air Magic
 + Level 12.7 Earth Magic
 + Level 12.7 Poison Magic
 + Level 15.9 Invocations
 + Level 14.8 Evocations


You had 3 spell levels left.
You knew the following spells:

 Your Spells              Type           Power      Damage    Failure   Level
a - Tukima's Dance        Hex            58%        N/A       1%          3
b - Bolt of Magma         Conj/Fire/Erth 29%        4d13      1%          5
c - Iskenderun's Battles  Conj           58%        2d11      1%          5
d - Freezing Cloud        Conj/Ice/Air   29%        6-21      1%          5
e - Magic Dart            Conj           100%       1d8       1%          1
f - Sticky Flame          Conj/Fire      58%        2d7       1%          4
g - Invisibility          Hex            29%        N/A       4%          6
h - Statue Form           Tmut/Erth      38%        N/A       4%          6
i - Shadow Creatures      Summ           N/A        N/A       4%          6
j - Portal Projectile     Hex/Tloc       100%       N/A       1%          3
k - Mephitic Cloud        Conj/Pois/Air  58%        N/A       1%          3

Your spell library contained the following spells:

 Spells                   Type           Power      Damage    Failure   Level
 Beastly Appendage        Tmut           100%       N/A       1%          1
 Corona                   Hex            64%        N/A       1%          1
 Foxfire                  Conj/Fire      100%       2x1d9     1%          1
 Freeze                   Ice            100%       1d11      1%          1
 Call Imp                 Summ           58%        N/A       1%          2
 Corpse Rot               Necr/Air       N/A        N/A       1%          2
 Ensorcelled Hibernation  Hex/Ice        100%       N/A       1%          2
 Passwall                 Tmut/Erth      48%        N/A       1%          2
 Poisonous Vapours        Pois/Air       100%       N/A       1%          2
 Searing Ray              Conj           100%       3d7       1%          2
 Slow                     Hex            58%        N/A       1%          2
 Static Discharge         Conj/Air       58%        N/A       1%          2
 Sublimation of Blood     Necr           29%        N/A       1%          2
 Wereblood                Tmut           58%        N/A       1%          2
 Call Canine Familiar     Summ           58%        N/A       1%          3
 Confusing Touch          Hex            58%        N/A       1%          3
 Conjure Flame            Conj/Fire      58%        6-21      1%          3
 Dazzling Flash           Conj/Hex       100%       N/A       1%          3
 Frozen Ramparts          Ice            100%       1d12      1%          3
 Gell's Gravitas          Tloc           29%        N/A       1%          3
 Ignite Poison            Fire/Tmut/Pois 58%        N/A       1%          3
 Ozocubu's Armour         Ice            58%        N/A       1%          3
 Spider Form              Tmut/Pois      29%        N/A       1%          3
 Swiftness                Air            58%        N/A       1%          3
 Vampiric Draining        Necr           29%        2d10      1%          3
 Cause Fear               Hex            29%        N/A       1%          4
 Dispel Undead            Necr           58%        3d21      1%          4
 Fulminant Prism          Conj/Hex       29%        3d14      1%          4
 Hailstorm                Conj/Ice       58%        3d13      1%          4
 Ice Form                 Ice/Tmut       58%        N/A       1%          4
 Iskenderun's Mystic Bla  Conj/Tloc      58%        2d12      1%          4
 Leda's Liquefaction      Hex/Erth       29%        N/A       1%          4
 Passage of Golubria      Tloc           N/A        N/A       1%          4
 Petrify                  Tmut/Erth      58%        N/A       1%          4
 Summon Ice Beast         Ice/Summ       58%        N/A       1%          4
 Alistair's Intoxication  Tmut/Pois      38%        N/A       1%          5
 Blade Hands              Tmut           29%        N/A       1%          5
 Borgnjor's Vile Clutch   Necr/Erth      29%        N/A       1%          5
 Fireball                 Conj/Fire      29%        3d13      1%          5
 Lee's Rapid Deconstruct  Erth           29%        3d16*     1%          5
 Manifold Assault         Tloc           58%        N/A       1%          5
 Metabolic Englaciation   Hex/Ice        29%        N/A       1%          5
 Silence                  Hex/Air        29%        N/A       1%          5
 Summon Forest            Summ/Tloc      29%        N/A       1%          5
 Summon Mana Viper        Hex/Summ       58%        N/A       1%          5
 Yara's Violent Unravell  Hex/Tmut       29%        3d12      1%          5
 Conjure Ball Lightning   Conj/Air       29%        3x3d8     4%          6
 Death Channel            Necr           29%        N/A       4%          6
 Eringya's Noxious Bog    Tmut/Pois      29%        N/A       4%          6
 Iron Shot                Conj/Erth      29%        9d6       4%          6
 Simulacrum               Ice/Necr       29%        N/A       4%          6
 Dragon Form              Tmut           29%        N/A       24%         7
 Monstrous Menagerie      Summ           29%        N/A       24%         7
 Orb of Destruction       Conj           29%        9d11      24%         7
 Spellforged Servitor     Conj/Summ      29%        N/A       24%         7
 Summon Hydra             Summ           29%        N/A       24%         7
 Discord                  Hex            29%        N/A       88%         8
 Disjunction              Tloc           29%        N/A       88%         8
 Necromutation            Tmut/Necr      29%        N/A       88%         8
 Dragon's Call            Summ           29%        N/A       100%        9
 Polar Vortex             Ice            29%        N/A       100%        9
 Shatter                  Erth           29%        3d24*     100%        9


Dungeon Overview and Level Annotations

Branches:
Dungeon (15/15)            Temple (1/1) D:5            Lair (6/6) D:10
 Shoals (4/4) Lair:2        Snake (4/4) Lair:2        Slime (0/5) Lair:5
    Orc (2/2) D:10            Elf (3/3) Orc:2        Vaults (4/5) D:14
  Crypt (0/3) Vaults:3     Depths (0/5) D:15        Ossuary (visited)
  IceCv (visited)         Gauntlet (visited)

Altars:
Ashenzari
Cheibriados
Elyvilon
Fedhas
Gozag
Kikubaaqudgha
Makhleb
Nemelex Xobeh
Okawaru
Qazlal
Sif Muna
Uskayaw
Yredelemnul
Zin
The Shining One
Beogh
Lugonu

Shops:
D:12 *   D:13 *   Orc:2 [([*   Elf:3 *   Shoals:2 ((*[*   Shoals:4 :
Snake:1 *(*   Snake:4 *   Vaults:2 *   Vaults:4 :**

Portals:
Abyss: Shoals:3
Trove: D:11 (give 2 scrolls of acquirement)

Annotations:
D:6 Pikel
D:12 3 runed translucent doors, Atlas's ghost, journeyman DsIE
D:14 3 runed translucent doors, Reont's ghost, journeyman TeGl
Lair:6 exclusion: obsidian statue
Shoals:3 1 runed translucent door
Vaults:3 3 runed translucent doors, Vanwaer's ghost, adept VSBe
Vaults:4 3 runed translucent doors, exclusion: obsidian statue, DrabberRogue's ghost, veteran HuFi


Innate Abilities, Weirdness & Mutations

You have very sharp teeth.
Your uncanny sense of smell can sniff out nearby items.
Your experience applies equally to all skills.
You have sharp toenails.
You are agile. (Dex +2)
You passively map a small area around you.


Message History

The deep elf master archer shoots an arrow.
The arrow closely misses you.
The deep elf master archer shoots an arrow.
You block the arrow.
The deep elf master archer shoots an arrow.
The arrow closely misses you.
There is an open door, spattered with blood here.
You see here a bolt.
The deep elf master archer shoots an arrow.
The arrow hits you!
The deep elf master archer shoots an arrow.
The arrow closely misses you.
You see here a ring of magical power.
Unknown command.
You completely miss the deep elf master archer.
Your bite misses the deep elf master archer.
The deep elf master archer is moderately wounded.
The deep elf master archer shoots an arrow.
The arrow hits you!
* * * LOW HITPOINT WARNING * * *
The deep elf master archer shoots an arrow.
The arrow hits you!!
* * * LOW HITPOINT WARNING * * *
You feel much better.
The deep elf master archer shoots an arrow.
You block the arrow.
The deep elf master archer shoots an arrow.
The arrow completely misses you.
A demon appears!
The deep elf master archer shoots an arrow.
You block the arrow.
The deep elf master archer shoots an arrow.
The arrow barely misses you.
A demon appears!
The deep elf master archer shoots an arrow.
The arrow hits you!!
* * * LOW HITPOINT WARNING * * *
The deep elf master archer shoots an arrow.
The arrow hits you.
You die...

# ###.### #...# #
### ##..# ### #≈≈#
..# #≈≈# ..#
##########*#≈≈######
..# #####
#[=):([))"*#..##}.|.
#####...##
#!([(2))|)*#.)##.|..
# #.....# #:2)e}):|)
#))##)... # #.....#
#()@!=$)/$ #).##.).(
#.....# ###(######
#[.###### ####'...##
#.(.# ######))######
..#.##'## #.).#
#...≈≈).≈≈)..#
8.'###.#
#...###...≈≈).≈≈...#
...# #.#
#.###.....≈≈).≈≈....
...###.# #.#
#.#...≈≈..≈≈...#
....##.#
#.###.######..######
..8.##.#
#.##................


You could see a deep elf master archer (ally target) and 2 friendly blizzard
demons.

Vanquished Creatures
  Mennas (Vaults:4)
  Bai Suzhen (Snake:3)
  Saint Roka (Orc:2)
  Vashnia (Snake:4)
  Jorgrun (Orc:1)
  A deep elf master archer (Elf:3)
  3 sphinxes
  3 deep elf blademasters
  Frances (Shoals:2)
  2 shadow dragons
  Kirke (D:15)
  Roxanne (Elf:2)
  A fire giant (Vaults:3)
  5 nagarajas (Snake:4)
  A frost giant (Vaults:4)
  A fenstrider witch (Shoals:1)
  3 deep elf sorcerers (Elf:3)
  Aizul (Snake:3)
  8 vault wardens
  4 deep elf elementalists (Elf:3)
  Louise (Snake:3)
  A war gargoyle (Vaults:2)
  15 ironbound preservers
  6 very ugly things
  3 stone giants
  A vampire knight (Vaults:3)
  2 deep elf annihilators
  Nessos (D:14)
  Azrael (D:13)
  2 deep elf demonologists (Elf:3)
  3 dire elephants (Lair:6)
  Snorg (D:11)
  3 merfolk javelineers
  An eidolon (Vaults:3)
  2 deep elf death magi (Elf:3)
  A great orb of eyes (Vaults:4)
  8 merfolk impalers
  3 deep elf high priests
  6 yaktaur captains
  6 naga warriors
  2 salamander tyrants
  9 hydras
  6 ironbound thunderhulks
  An ice dragon (D:12)
  Erolcha (Orc:1)
  4 boulder beetles
  3 vault guards (Vaults:3)
  A peacekeeper (Vaults:2)
  7 centaur warriors
  5 merfolk avatars (Shoals:4)
  4 ironbound frosthearts
  2 catoblepae
  2 alligator snapping turtles
  3 two-headed ogres
  14 anacondas
  4 merfolk aquamancers
  A two-headed ogre (shapeshifter) (D:15)
  3 satyrs
  8 death yaks
  2 spectral dire elephants (Lair:6)
  3 thrashing horrors (Abyss:3)
  4 ironbound beastmasters
  26 dancing weapons
  2 tengu warriors
  5 orc high priests
  6 shock serpents
  A vampire mage (Vaults:3)
  24 naga sharpshooters
  15 deep elf knights
  6 salamander mystics
  4 skeletal warriors (D:14)
  A spectral anaconda (Lair:6)
  14 sea snakes
  A glowing orange brain (D:15)
  9 naga ritualists
  34 deep trolls
  A phantasmal warrior (Vaults:3)
  3 wizards
  7 ironbound convokers
  8 lindwurms
  28 harpies
  9 deep elf archers
  26 deep elf pyromancers
  5 orc knights
  5 necromancers
  22 ugly things
  4 orc sorcerers
  10 fauns
  6 mana vipers
  26 deep elf zephyrmancers
  A human zombie (Vaults:4)
  16 manticores
  4 oklob plants (Lair:4)
  20 salamanders
  2 apocalypse crabs (Shoals:3)
  8 cyclopes
  35 black mambas
  13 guardian serpents
  10 merfolk sirens
  27 elephants
  Joseph (D:9)
  An elf zombie (Vaults:4)
  2 torpor snails
  10 vault sentinels
  A gargoyle (D:13)
  7 water nymphs
  16 cane toads
  An ice statue (IceCv)
  14 naga magi
  A kobold demonologist (D:10)
  A yaktaur zombie (Vaults:4)
  4 rime drakes
  A tengu conjurer (D:15)
  Maggie (D:6)
  43 yaktaurs
  2 efreet
  11 freezing wraiths
  An ancient zyme (Abyss:3)
  15 komodo dragons
  19 merfolk
  7 trolls
  12 wind drakes
  A wind drake (shapeshifter) (D:15)
  5 polar bears
  2 raiju (Gauntlet)
  37 slime creatures
  2 hornets (Gauntlet)
  5 dream sheep (Shoals:3)
  Grinder (D:6)
  22 blink frogs
  2 spectral elephants (Lair:6)
  A stone giant simulacrum (Vaults:4)
  A meliai zombie (D:11)
  3 air elementals
  6 snapping turtles
  2 shadows
  2 dire elephant simulacra (Lair:6)
  78 yaks
  4 wyverns
  4 wraiths
  An ettin skeleton (Vaults:4)
  Sigmund (D:6)
  6 basilisks
  7 water elementals
  A tarantella (shapeshifter) (Elf:1)
  10 fire elementals
  2 humans (D:15)
  Eustachio (D:5)
  A death yak simulacrum (IceCv)
  A steam dragon (Lair:5)
  16 vampire mosquitoes
  4 spectral cane toads (Lair:6)
  2 wargs (D:10)
  3 acid dragons
  A warg (shapeshifter) (D:14)
  42 nagas
  2 hell hounds (Lair:2)
  29 water moccasins
  34 orc warriors
  A hornet zombie (D:7)
  8 ice beasts
  A boggart (shapeshifter) (D:14)
  4 ogres
  40 wolves
  3 elephant zombies (Lair:6)
  4 centaurs
  A phantom (D:5)
  An elephant skeleton (Lair:6)
  4 lemures (D:6)
  Blork the orc (D:5)
  A kobold brigand (D:10)
  12 bullfrogs
  2 earth elementals
  3 cane toad simulacra (Lair:6)
  3 scorpions
  5 elephant simulacra (Lair:6)
  7 electric eels
  8 wights
  5 howler monkeys
  A draconian simulacrum (IceCv)
  A quasit (Abyss:3)
  4 centaur zombies
  2 centaur skeletons
  A hound (D:5)
  A gnoll shaman (D:5)
  14 orc priests
  5 iguanas
  38 orc wizards
  A polar bear simulacrum (IceCv)
  2 spriggan simulacra (IceCv)
  A lightning spire (Gauntlet)
  6 troll simulacra (IceCv)
  2 wolf simulacra (IceCv)
  A killer bee zombie (D:8)
  6 centaur simulacra (IceCv)
  A mummy (D:4)
  A howler monkey zombie (D:8)
  9 gnolls
  5 adders
  A howler monkey skeleton (D:5)
  3 naga simulacra (IceCv)
  A river rat (D:3)
  2 ogre simulacra (IceCv)
  13 white imps
  An ufetubus (Abyss:3)
  An adder zombie (Ossuary)
  An adder skeleton (D:4)
  4 worms
  2 dart slugs
  64 orcs
  7 ball pythons
  7 endoplasms
  2 giant cockroaches
  2 gnoll zombies (Ossuary)
  7 goblins
  7 hobgoblins
  7 jackals
  5 quokkas
  4 bats
  5 frilled lizards
  A goblin zombie (Ossuary)
  7 kobolds
  2 kobold zombies
  2 orc zombies
  4 rats
  A rat zombie (Ossuary)
1533 creatures vanquished.

Vanquished Creatures (collateral kills)
  An ironbound preserver (Vaults:4)
  A dire elephant (Lair:6)
  A minotaur (Gauntlet)
  A hydra (Lair:5)
  2 salamander tyrants (Snake:3)
  An ironbound frostheart (Vaults:4)
  A death yak (Lair:2)
  A deep troll (Vaults:4)
  A wizard (Vaults:4)
  A necromancer (Lair:6)
  2 ugly things (Vaults:4)
  2 salamanders (Snake:3)
  An elephant (Lair:6)
  A naga mage (Snake:4)
  A blink frog (Lair:5)
  A basilisk (Lair:2)
19 creatures vanquished.

Vanquished Creatures (others)
  Asterion (Snake:4)
  2 deep elf zephyrmancers
  A naga mage (Snake:2)
  An orc (Orc:1)
  57 fungi
  100 plants
  19 withered plants (Lair:6)
181 creatures vanquished.

Grand Total: 1733 creatures vanquished

Notes
Turn   | Place    | Note
-------+----------+-------------------------------------------
     0 | D:5      | Reached skill level 9 in Stealth
     0 | D:5      | hatdisgam the Gnoll Delver began the quest for the Orb.
     0 | D:5      | Reached XP level 1. HP: 23/23 MP: 1/1
    10 | D:5      | Noticed a phantom
   110 | D:5      | Noticed Eustachio
   123 | D:5      | Reached XP level 2. HP: 7/29 MP: 2/2
   123 | D:5      | Reached XP level 3. HP: 8/35 MP: 3/3
   439 | D:4      | Found a sand-covered staircase.
   448 | D:4      | Reached skill level 1 in Invocations
   461 | Ossuary  | Entered an ossuary
   493 | Ossuary  | Reached skill level 1 in Short Blades
   493 | Ossuary  | Reached skill level 1 in Axes
   493 | Ossuary  | Reached skill level 1 in Maces & Flails
   493 | Ossuary  | Reached skill level 1 in Polearms
   493 | Ossuary  | Reached skill level 1 in Staves
   493 | Ossuary  | Reached skill level 1 in Slings
   493 | Ossuary  | Reached skill level 1 in Bows
   493 | Ossuary  | Reached skill level 1 in Crossbows
   493 | Ossuary  | Reached skill level 1 in Throwing
   493 | Ossuary  | Reached skill level 1 in Armour
   493 | Ossuary  | Reached skill level 1 in Shields
   493 | Ossuary  | Reached skill level 1 in Unarmed Combat
   493 | Ossuary  | Reached skill level 1 in Spellcasting
   493 | Ossuary  | Reached skill level 1 in Evocations
   876 | D:3      | Reached XP level 4. HP: 32/41 MP: 5/5
  1701 | D:1      | Found a faded altar of an unknown god.
  1760 | D:2      | Reached skill level 1 in Conjurations
  1760 | D:2      | Reached skill level 1 in Hexes
  1760 | D:2      | Reached skill level 1 in Summonings
  1760 | D:2      | Reached skill level 1 in Necromancy
  1760 | D:2      | Reached skill level 1 in Translocations
  1760 | D:2      | Reached skill level 1 in Transmutations
  1760 | D:2      | Reached skill level 1 in Fire Magic
  1760 | D:2      | Reached skill level 1 in Ice Magic
  1760 | D:2      | Reached skill level 1 in Air Magic
  1760 | D:2      | Reached skill level 1 in Earth Magic
  1760 | D:2      | Reached skill level 1 in Poison Magic
  1937 | D:2      | Gained mutation: You have sharp toenails. [potion of
                  | mutation]
  1937 | D:2      | Gained mutation: You are agile. (Dex +2) [potion of
                  | mutation]
  1937 | D:2      | Gained mutation: You passively map a small area around you.
                  | [potion of mutation]
  2139 | D:2      | Reached XP level 5. HP: 47/47 MP: 6/6
  3795 | D:3      | Reached XP level 6. HP: 19/53 MP: 8/8
  4353 | D:4      | Reached skill level 5 in Long Blades
  4353 | D:4      | Reached skill level 5 in Dodging
  4863 | D:5      | Noticed Blork the orc
  4870 | D:5      | Killed Blork the orc
  4871 | D:5      | Reached XP level 7. HP: 40/59 MP: 10/10
  4871 | D:5      | Found a staircase to the Ecumenical Temple.
  4981 | Temple   | Entered the Ecumenical Temple
  4990 | Temple   | Became a worshipper of Makhleb the Destroyer
  5837 | D:5      | You fall into a shaft and drop 2 floors!
  5882 | D:7      | Reached skill level 10 in Stealth
  5882 | D:7      | Reached XP level 8. HP: 67/67 MP: 12/12
  6181 | D:5      | Killed Eustachio
  6599 | D:6      | Noticed Maggie
  6606 | D:6      | Killed Maggie
  6975 | D:6      | Noticed Pikel
  7221 | D:6      | Found a blossoming altar of Fedhas.
  7330 | D:6      | Noticed Grinder
  7339 | D:6      | Killed Grinder
  7622 | D:6      | Noticed Sigmund
  7628 | D:6      | Killed Sigmund
  7629 | D:6      | Reached XP level 9. HP: 73/73 MP: 14/14
  8023 | D:7      | Noticed a komodo dragon
  8027 | D:7      | Killed a komodo dragon
  8714 | D:7      | Reached skill level 5 in Invocations
  8716 | D:7      | Reached * piety under Makhleb
  9103 | D:8      | Noticed a tengu warrior
  9106 | D:8      | Noticed a tengu warrior
  9501 | D:8      | Reached XP level 10. HP: 80/80 MP: 17/17
  9698 | D:8      | Killed a tengu warrior
  9699 | D:8      | Reached skill level 5 in Short Blades
  9699 | D:8      | Reached skill level 5 in Axes
  9699 | D:8      | Reached skill level 5 in Maces & Flails
  9699 | D:8      | Reached skill level 5 in Polearms
  9699 | D:8      | Reached skill level 5 in Staves
  9699 | D:8      | Reached skill level 5 in Slings
  9699 | D:8      | Reached skill level 5 in Bows
  9699 | D:8      | Reached skill level 5 in Crossbows
  9699 | D:8      | Reached skill level 5 in Throwing
  9699 | D:8      | Reached skill level 5 in Armour
  9699 | D:8      | Reached skill level 5 in Shields
  9699 | D:8      | Reached skill level 5 in Unarmed Combat
  9699 | D:8      | Reached skill level 5 in Spellcasting
  9699 | D:8      | Reached skill level 5 in Evocations
 10690 | D:9      | Noticed Joseph
 10700 | D:9      | Killed Joseph
 11787 | D:10     | Entered Level 10 of the Dungeon
 12305 | D:10     | Reached skill level 11 in Stealth
 12598 | D:10     | Noticed a kobold demonologist
 12600 | D:10     | Noticed a sun demon
 12615 | D:10     | Killed a kobold demonologist
 12963 | D:10     | Found a staircase to the Lair.
 12968 | D:10     | Reached XP level 11. HP: 87/87 MP: 19/19
 12973 | D:10     | Reached ** piety under Makhleb
 13029 | D:10     | Reached skill level 5 in Conjurations
 13029 | D:10     | Reached skill level 5 in Hexes
 13029 | D:10     | Reached skill level 5 in Summonings
 13029 | D:10     | Reached skill level 5 in Necromancy
 13029 | D:10     | Reached skill level 5 in Translocations
 13029 | D:10     | Reached skill level 5 in Transmutations
 13029 | D:10     | Reached skill level 5 in Fire Magic
 13029 | D:10     | Reached skill level 5 in Ice Magic
 13029 | D:10     | Reached skill level 5 in Air Magic
 13029 | D:10     | Reached skill level 5 in Earth Magic
 13029 | D:10     | Reached skill level 5 in Poison Magic
 13056 | D:10     | Learned a level 3 spell: Tukima's Dance
 13078 | D:10     | Noticed an orc knight
 13086 | D:10     | Killed an orc knight
 13248 | D:10     | Found a staircase to the Orcish Mines.
 13567 | Lair:1   | Entered Level 1 of the Lair of Beasts
 13591 | Lair:1   | Reached *** piety under Makhleb
 14105 | Lair:1   | Reached XP level 12. HP: 96/96 MP: 22/22
 14128 | Lair:1   | Learned a level 5 spell: Bolt of Magma
 14190 | Lair:1   | Reached **** piety under Makhleb
 14741 | Lair:2   | Noticed a five-headed hydra
 14753 | Lair:2   | Killed a five-headed hydra
 14874 | Lair:2   | Found a staircase to the Shoals.
 14942 | Lair:2   | Reached skill level 10 in Fighting
 15045 | Lair:2   | Reached skill level 12 in Stealth
 15154 | Lair:2   | Found a staircase to the Snake Pit.
 15367 | Lair:2   | Reached XP level 13. HP: 103/103 MP: 24/24
 16340 | Lair:3   | Reached ***** piety under Makhleb
 16525 | Lair:3   | Found an ancient bone altar of Kikubaaqudgha.
 17209 | Lair:4   | Reached XP level 14. HP: 111/111 MP: 26/26
 17233 | Lair:4   | Reached skill level 10 in Long Blades
 17233 | Lair:4   | Reached skill level 10 in Dodging
 18034 | Lair:4   | Found a blossoming altar of Fedhas.
 18238 | Lair:5   | Found a staircase to the Slime Pits.
 18678 | Lair:5   | Reached skill level 10 in Invocations
 19281 | Lair:6   | Entered Level 6 of the Lair of Beasts
 19480 | Lair:5   | Reached ****** piety under Makhleb
 19664 | Lair:6   | Reached skill level 13 in Stealth
 20071 | Lair:6   | Reached XP level 15. HP: 90/119 MP: 28/28
 21100 | Lair:6   | Reached skill level 10 in Short Blades
 21100 | Lair:6   | Reached skill level 10 in Axes
 21100 | Lair:6   | Reached skill level 10 in Maces & Flails
 21100 | Lair:6   | Reached skill level 10 in Polearms
 21100 | Lair:6   | Reached skill level 10 in Staves
 21100 | Lair:6   | Reached skill level 10 in Slings
 21100 | Lair:6   | Reached skill level 10 in Bows
 21100 | Lair:6   | Reached skill level 10 in Crossbows
 21100 | Lair:6   | Reached skill level 10 in Throwing
 21100 | Lair:6   | Reached skill level 10 in Armour
 21100 | Lair:6   | Reached skill level 10 in Shields
 21100 | Lair:6   | Reached skill level 10 in Unarmed Combat
 21100 | Lair:6   | Reached skill level 10 in Spellcasting
 21100 | Lair:6   | Reached skill level 10 in Evocations
 22119 | D:10     | Learned a level 5 spell: Iskenderun's Battlesphere
 22228 | Orc:1    | Entered Level 1 of the Orcish Mines
 22236 | Orc:1    | Noticed Jorgrun
 22257 | Orc:1    | HP: 5/120 [Jorgrun/iron shot (45)]
 22267 | Orc:1    | Killed Jorgrun
 22405 | Orc:1    | Noticed Erolcha
 22413 | Orc:1    | Killed Erolcha
 22840 | Orc:2    | Entered Level 2 of the Orcish Mines
 22840 | Orc:2    | Noticed Saint Roka
 23445 | Orc:2    | Killed Saint Roka
 23867 | Orc:2    | Found a staircase to the Elven Halls.
 24590 | Orc:2    | Reached XP level 16. HP: 104/127 MP: 10/30
 24761 | Orc:2    | Found Viantugh's Assorted Antiques.
 24761 | Orc:2    | Found Ucvoez's Armour Emporium.
 24764 | Orc:2    | Found Gyratoyc's Antique Armour Shop.
 24764 | Orc:2    | Found Tenutaam's Weapon Emporium.
 24781 | Orc:2    | Bought a leatherbound book for 345 gold pieces
 24781 | Orc:2    | Bought a pitted glass ring for 115 gold pieces
 24781 | Orc:2    | Identified the ring "Echon" {rC- rN+ Int+2 SInv} (You
                  | bought it in a shop on level 2 of the Orcish Mines)
 25007 | D:11     | Noticed Snorg
 25052 | D:11     | Killed Snorg
 25276 | D:11     | Found a gate leading to a gauntlet.
 25328 | Gauntlet | Entered a Gauntlet
 25328 | Gauntlet | Found a transporter.
 25328 | Gauntlet | Found a transporter.
 25329 | Gauntlet | Found a transporter.
 25330 | Gauntlet | Found a transporter.
 25333 | Gauntlet | Found a transporter.
 25339 | Gauntlet | Found a transporter.
 25341 | Gauntlet | Found a transporter.
 25342 | Gauntlet | Found a transporter.
 25344 | Gauntlet | Found a transporter.
 25352 | Gauntlet | Found a transporter.
 25355 | Gauntlet | Found a transporter.
 25392 | Gauntlet | Found a transporter.
 25519 | Gauntlet | Identified the amulet of Recec {rElec rC+ Regen+ Str+2}
 25578 | Gauntlet | Identified the ring "Dyso Ohegyaps" {rPois rC+ Slay+5}
 25634 | Gauntlet | Identified a scroll of acquirement
 25637 | D:11     | Acquired the ring "Feshroog" {rC+ Dex+2}
 25709 | D:11     | Found a portal to a secret trove of treasure.
 25977 | D:12     | Found Zin's Purification Station.
 26010 | D:12     | Found a frozen archway.
 26061 | IceCv    | Entered an ice cave
 26519 | IceCv    | Found an ancient bone altar of Kikubaaqudgha.
 26879 | IceCv    | Identified Sif Muna's Incunabulum of Snow
 26885 | IceCv    | Found the +3 pair of gauntlets of War {Slay+5}
 26906 | IceCv    | Learned a level 5 spell: Freezing Cloud
 27032 | D:12     | Found a glowing silver altar of Zin.
 27251 | D:12     | Found a runed translucent gate.
 27251 | D:12     | Noticed Atlas's ghost (journeyman DsIE)
 27254 | D:12     | Found a runed translucent gate.
 27254 | D:12     | Found a runed translucent gate.
 27676 | D:13     | Noticed Azrael
 27695 | D:13     | Killed Azrael
 27791 | D:13     | Found Oczy's Gadget Gallery.
 28149 | D:13     | Identified the +5 executioner's axe "Dias" {flame, rElec
                  | rC++}
 28606 | D:14     | Found a runed translucent gate.
 28606 | D:14     | Found a runed translucent gate.
 28606 | D:14     | Found a runed translucent gate.
 28628 | D:14     | Noticed Nessos
 28632 | D:14     | Killed Nessos
 28773 | D:14     | Reached skill level 14 in Stealth
 29118 | D:14     | Found a gate to the Vaults.
 29245 | D:14     | Noticed Reont's ghost (journeyman TeGl)
 29519 | D:15     | Entered Level 15 of the Dungeon
 29692 | D:15     | Reached XP level 17. HP: 135/135 MP: 32/32
 29716 | D:15     | Found a staircase to the Depths.
 29903 | D:15     | Noticed Kirke
 29916 | D:15     | Killed Kirke
 30441 | D:15     | Upgraded the game from 0.27-a0-1334-g2746e35aca to
                  | 0.27-a0-1434-g6f15984924
 30639 | Snake:1  | Entered Level 1 of the Snake Pit
 30708 | Snake:1  | Learned a level 1 spell: Magic Dart
 30782 | Snake:1  | Found Kanyacao's General Store.
 30782 | Snake:1  | Found Hiol's Antique Weapon Emporium.
 30785 | Snake:1  | Found Ukhly's Assorted Antiques.
 30806 | Snake:1  | Bought a scroll of enchant weapon for 105 gold pieces
 30812 | Snake:1  | Bought a glowing hand crossbow for 221 gold pieces
 31338 | Snake:1  | Acquired Sif Muna's Volume of Clay and Confrontation
 31345 | Snake:1  | Learned a level 4 spell: Sticky Flame
 31352 | Snake:1  | Learned a level 6 spell: Invisibility
 32975 | Snake:3  | Found a flickering gateway to a bazaar.
 32984 | Bazaar   | Entered a bazaar
 32984 | Bazaar   | Found Reg Jypn's Antique Armour Shoppe.
 32984 | Bazaar   | Found Zawnoc's Book Boutique.
 32984 | Bazaar   | Found Beuz's Book Shoppe.
 32984 | Bazaar   | Found Mokudoe's Antique Armour Shop.
 32986 | Bazaar   | Found Nepamn's Assorted Antiques.
 32986 | Bazaar   | Found Weymaedghua's Assorted Antiques.
 33011 | Bazaar   | Bought a translucent long sword for 170 gold pieces
 33011 | Bazaar   | Identified the +5 long sword of Crawling {pain, rElec rF++
                  | Str+4 Dex-5} (You bought it in a shop in a bazaar)
 33011 | Bazaar   | Bought a scroll of teleportation for 60 gold pieces
 33011 | Bazaar   | Bought a scroll of teleportation for 60 gold pieces
 33032 | Bazaar   | Bought a book of Stone for 576 gold pieces
 33039 | Bazaar   | Learned a level 6 spell: Statue Form
 33091 | Snake:3  | Reached skill level 10 in Conjurations
 33091 | Snake:3  | Reached skill level 10 in Hexes
 33091 | Snake:3  | Reached skill level 10 in Summonings
 33091 | Snake:3  | Reached skill level 10 in Necromancy
 33091 | Snake:3  | Reached skill level 10 in Translocations
 33091 | Snake:3  | Reached skill level 10 in Transmutations
 33091 | Snake:3  | Reached skill level 10 in Fire Magic
 33091 | Snake:3  | Reached skill level 10 in Ice Magic
 33091 | Snake:3  | Reached skill level 10 in Air Magic
 33091 | Snake:3  | Reached skill level 10 in Earth Magic
 33091 | Snake:3  | Reached skill level 10 in Poison Magic
 33124 | Snake:3  | Noticed Louise
 33144 | Snake:3  | Killed Louise
 33311 | Snake:3  | Noticed Aizul
 33328 | Snake:3  | Killed Aizul
 33973 | Snake:4  | Entered Level 4 of the Snake Pit
 34031 | Snake:4  | Noticed Asterion
 34040 | Snake:4  | Reached XP level 18. HP: 143/143 MP: 33/33
 34048 | Snake:4  | Killed Asterion
 34307 | Snake:4  | Noticed Vashnia
 34315 | Snake:4  | Noticed Bai Suzhen
 34478 | Snake:3  | Killed Bai Suzhen
 34802 | Snake:4  | Killed Vashnia
 34912 | Snake:4  | Found Etakel's CLEARANCE SALE! EVERYTHING MUST GO!.
 35871 | Snake:4  | Reached skill level 15 in Stealth
 36241 | Snake:4  | Got a serpentine rune of Zot
 36603 | Shoals:1 | Entered Level 1 of the Shoals
 36723 | Shoals:1 | Reached XP level 19. HP: 151/151 MP: 35/35
 37513 | Shoals:2 | Learned a level 6 spell: Shadow Creatures
 37749 | Shoals:2 | Noticed Frances
 37762 | Shoals:2 | Killed Frances
 37822 | Shoals:2 | Found Paoxegg's Weapon Emporium.
 38355 | Shoals:2 | Found Piac's Merfolk Weapons.
 38357 | Shoals:2 | Found Piac's Merfolk Magic.
 38357 | Shoals:2 | Found Piac's Merfolk Armours.
 38363 | Shoals:2 | Bought a scroll of teleportation for 300 gold pieces
 38874 | Shoals:3 | Found a runed translucent door.
 38892 | Shoals:3 | Found a corrupted altar of Lugonu.
 38892 | Shoals:3 | Found a one-way gate to the infinite horrors of the Abyss.
 39315 | Shoals:4 | Entered Level 4 of the Shoals
 39451 | Shoals:4 | Got the Disquisition on the Congealing Traveller
 40014 | Shoals:4 | Acquired a scarf of shadows
 40055 | Shoals:4 | Found Vioq's Self-Improvement Boutique.
 40409 | Shoals:4 | Reached XP level 20. HP: 119/160 MP: 37/37
 40655 | Shoals:4 | Got a barnacled rune of Zot
 40868 | Vaults:1 | Entered Level 1 of the Vaults
 42087 | Vaults:1 | You fall into a shaft and drop 1 floor!
 42746 | Vaults:2 | Paralysed by a sphinx for 5 turns
 43386 | Vaults:2 | Found the +3 hat of Pondering {ponderous, Will+ MP+10
                  | Int+5}
 43681 | Vaults:2 | Found Misupn's General Store.
 44239 | Vaults:3 | Reached skill level 16 in Stealth
 44288 | Vaults:3 | Paralysed by a sphinx for 5 turns
 44299 | Vaults:3 | Paralysed by a sphinx for 7 turns
 44464 | Vaults:2 | Reached XP level 21. HP: 127/167 MP: 38/38
 44820 | Vaults:3 | Found a runed translucent gate.
 44820 | Vaults:3 | Found a runed translucent gate.
 44820 | Vaults:3 | Noticed Vanwaer's ghost (adept VSBe)
 44821 | Vaults:3 | Found a runed translucent gate.
 44912 | Vaults:3 | Reached skill level 15 in Fighting
 45159 | Vaults:3 | Reached skill level 15 in Invocations
 45308 | Vaults:3 | Found a staircase to the Crypt.
 45443 | Vaults:3 | Identified the +4 ring mail "Hohifem" {MP+9}
 45445 | Vaults:3 | Identified the +7 rapier of Sulphur {protect, rElec rN+
                  | Dex+5}
 45930 | Vaults:4 | Found Teuvenumm's Book Shoppe.
 45937 | Vaults:4 | Bought a book of the Hunter for 520 gold pieces
 45941 | Vaults:4 | Learned a level 3 spell: Portal Projectile
 46099 | Vaults:4 | Found a runed translucent gate.
 46099 | Vaults:4 | Found a runed translucent gate.
 46099 | Vaults:4 | Found an opulent altar of Gozag.
 46099 | Vaults:4 | Found a runed translucent gate.
 46101 | Vaults:4 | Found Jyewus's Assorted Antiques.
 46102 | Vaults:4 | Found Busix's Assorted Antiques.
 46102 | Vaults:4 | Noticed DrabberRogue's ghost (veteran HuFi)
 46118 | Vaults:4 | Noticed Mennas
 46154 | Vaults:4 | Killed Mennas
 47080 | Vaults:4 | Acquired a +0 pair of boots of rampaging
 47435 | Vaults:4 | Upgraded the game from 0.27-a0-1434-g6f15984924 to
                  | 0.27-a0-1442-g87b6fcb595
 47681 | Elf:1    | Entered Level 1 of the Elven Halls
 47990 | Elf:1    | Reached XP level 22. HP: 168/176 MP: 40/40
 48389 | Elf:1    | Paralysed by an air elemental for 1 turns
 48830 | Elf:2    | Identified Roxanne's Grimoire of Transformation
 48830 | Elf:2    | Noticed Roxanne
 48884 | Elf:2    | Killed Roxanne
 48936 | Elf:2    | Reached skill level 15 in Long Blades
 48936 | Elf:2    | Reached skill level 15 in Dodging
 48983 | Elf:2    | Learned a level 3 spell: Mephitic Cloud
 49008 | Elf:2    | Found a flickering gateway to a bazaar.
 49014 | Bazaar   | Entered a bazaar
 49014 | Bazaar   | Found Intoosh's Antique Armour Shoppe.
 49014 | Bazaar   | Found Nofitouj's Antique Weapon Shoppe.
 49029 | Bazaar   | Bought a runed broad axe for 140 gold pieces
 49055 | Bazaar   | Found Ingacac's Magic Scroll Emporium.
 49062 | Bazaar   | Bought a scroll of acquirement for 884 gold pieces
 49062 | Bazaar   | Acquired 1244 gold pieces
 49065 | Bazaar   | Found Etyigaes's Book Emporium.
 49076 | Bazaar   | Found Emuvimeg's General Store.
 49126 | Bazaar   | Bought a brightly glowing chain mail for 218 gold pieces
 49126 | Bazaar   | Identified the +9 chain mail "Jois" {rElec} (You bought it
                  | in a shop in a bazaar)
 49329 | Elf:2    | Found a huge runed translucent gate.
 49329 | Elf:2    | Found a huge runed translucent gate.
 49329 | Elf:2    | Found a huge runed translucent gate.
 49331 | Elf:2    | Found a huge runed translucent gate.
 49334 | Elf:2    | Found a huge runed translucent gate.
 50289 | Elf:3    | Entered Level 3 of the Elven Halls
 50418 | Elf:3    | Cast into level 3 of the Abyss (a deep elf sorcerer)
 50561 | Elf:3    | Escaped the Abyss
 50920 | Elf:3    | Found Bankiprujoo's Assorted Antiques.
 51925 | Elf:3    | Identified the +1 war axe "Etuaris" {freeze, Contam rElec
                  | Int+6}
 52049 | Elf:3    | Identified the +10 crystal plate armour of Qazlal's
                  | Generosity {Int+4}
 52146 | Elf:3    | Found the ring of the Mage {Wiz Will++ Int+3}
 52146 | Elf:3    | Found the brooch of Shielding {Spirit SH+8}
 52251 | Elf:3    | HP: 2/174 [deep elf master archer/arrow (26)]
 52251 | Elf:3    | Shot with an arrow by a deep elf master archer

Illustrated notes

Levels and vault maps discovered:
D:1:      dpeg_arrival_erosion, layout_rooms,
          hellmonk_ecumenical_altar_defaced_shrine
D:2:      layout_basic, chequers_serial_rivers_micro_d,
          kennysheep_generic_room_9
D:3:      layout_loops_ring, gup_sewer_entry_bowl
D:4:      layout_gridville, nicolae_ossuary_entry_giza, minmay_bisected
D:5:      layout_layer_cave, minmay_temple_entry_tees, minivault_5,
          uniq_eustachio, uniq_blork_the_orc
D:6:      layout_loops_cross, lemuel_doored_altar, uniq_pikel, uniq_grinder,
          uniq_maggie, uniq_sigmund
D:7:      layout_gridville
D:8:      layout_loops_ring, minivault_1, minivault_4
D:9:      layout_stronghold, uniq_joseph
D:10:     layout_stronghold, erik_lair_orcish_takeover, erik_orc_2,
          minmay_lizard_king
D:11:     layout_roguey, gauntlet_entry_generic, nicolae_trove_entry_crossroad,
          amcnicky_mini_rare_corridor_liquid, uniq_snorg
D:12:     layout_loops_ring, gammafunk_ghost_nasty_kobolds,
          portal_ice_cave_entry_animals_and_master, zin_purify
D:13:     layout_basic, nicolae_shop_gadgets, uniq_azrael
D:14:     layout_basic, skrybe_vaults_entry_preservation, hangedman_glass_teeth,
          maelrawn_ghost_gauntlet_escape, uniq_nessos
D:15:     gammafunk_enter_depths_forms, layout_basic, minivault_27, uniq_kirke
Temple:   compressed_dpeg_triangle_lava_temple
Lair:1:   layout_regular_city, beast_lair_carwin_4, serial_bayou_shore_b
Lair:2:   layout_gridlike, minmay_shoals_entry_beasts,
          minmay_snake_entry_six_corridors, enter_volcano_3,
          serial_bayou_lagoon_a
Lair:3:   layout_long_grid, basic_altar, grunt_forest_large_clearings,
          grunt_megastairs_4
Lair:4:   layout_loops_ring, basic_altar, grunt_forest_small_clearing_treed,
          minmay_lair_oklob_chamber, serial_bayou_shore_a, grunt_megastairs_1,
          serial_bayou_shore_b, lemuel_fruit_tree
Lair:5:   layout_loops_ring, slime_dummy, minivault_11, st_stairs_13,
          serial_bayou_shore_b
Lair:6:   due_jungle_book, layout_regular_city
Shoals:1: layout_shoals, nicolae_shoals_beach_house_on_fowls_legs
Shoals:2: nicolae_shoals_mermall, layout_shoals, serial_shops,
          nicolae_shop_behind_doors, ldierk_geyser, uniq_frances
Shoals:3: layout_shoals, nicolae_shoals_abyss_on_the_beach
Shoals:4: shoals_end_simple, layout_shoals, nicolae_shop_self_help
Snake:1:  layout_layer_cave, special_room, nicolae_snake_serpentine_hallways,
          minmay_shop_star
Snake:2:  layout_misc_corridors, hangedman_snake_corridor_cut
Snake:3:  layout_onion, serial_shops, bzr_entry_dummy, grunt_megastairs_5,
          uniq_aizul, uniq_louise
Snake:4:  grunt_snake_rune_serpentine_throne, layout_cave_town, drop_trap,
          grunt_ministairs_4, st_stairs_3, nicolae_shop_clearance,
          serial_bayou_shore_b, uniq_bai_suzhen, uniq_asterion, uniq_vashnia
Orc:1:    layout_caves, basic_altar, uniq_jorgrun, uniq_erolcha
Orc:2:    grunt_orc_tribal_feast, layout_diamond_mine, uniq_saint_roka
Elf:1:    elf_arrival_001, layout_geoelf_grid, evilmike_minifort,
          glass_columns_a, st_stairs_1
Elf:2:    layout_geoelf_octagon, serial_shops, bzr_entry_islet, uniq_roxanne
Elf:3:    elf_hall_gauntlet_wide, layout_geoelf_octagon, serial_shops, shop,
          serial_glass, glass_columns_b, glass_columns_a
Vaults:1: hangedman_vaults_trim, ontoclasm_vaults_misaligned,
          vaults_standard_mumra_lines, ontoclasm_vaults_decontamination,
          nicolae_vaults_circle_grid_a, vaults_standard_mumra_x,
          vaults_dpeg_encased_lava, vaults_room_ringed_pool,
          layout_vaults_chaotic_city
Vaults:2: ontoclasm_vaults_misaligned, vaults_mumra_lcd,
          nicolae_vaults_angled_halls, nicolae_vaults_quartermaster,
          nicolae_vaults_gold_heap, layout_vaults_quadrants, serial_shops, shop
Vaults:3: gammafunk_vaults_ghost_fury_of_okawaru,
          minmay_crypt_entry_simple_walls, v_rooms_6, dpeg_vaults_waves,
          hangedman_vaults_pinch, ontoclasm_vaults_tryst,
          ontoclasm_vaults_ring_large, v_misc_13, vaults_room_pool,
          grunt_vaults_focal, layout_vaults_omnibox
Vaults:4: ebering_vaults_ghost_gozag, v_misc_3, vaults_room_door_ring,
          vaults_room_corners, nicolae_vaults_yaktaur_gun_rack, st_cross,
          grunt_vaults_hallway_long, hangedman_vaults_snaps,
          vaults_room_large_hall, v_misc_18, nicolae_vaults_circle_grid_b,
          v_misc_15, v_alt_pattern_4, layout_vaults_maze, serial_shops, shop,
          uniq_mennas

Skill      XL: |  1  2  3  4  5  6  7  8  9 10 11 12 13 14 15 16 17 18 19 20 21 22 |
---------------+-------------------------------------------------------------------+-----
Stealth        | 10 11 12 13 14 15 16 | 16.9
Invocations    | 1 2 3 4 5 6 7 8 9 10 11 12 13 14 15 | 15.9
Short Blades   | 1 2 3 4 5 6 7 8 9 10 11 12 13 14 | 14.8
Axes           | 1 2 3 4 5 6 7 8 9 10 11 12 13 14 | 14.8
Maces & Flails | 1 2 3 4 5 6 7 8 9 10 11 12 13 14 | 14.8
Polearms       | 1 2 3 4 5 6 7 8 9 10 11 12 13 14 | 14.8
Staves         | 1 2 3 4 5 6 7 8 9 10 11 12 13 14 | 14.8
Slings         | 1 2 3 4 5 6 7 8 9 10 11 12 13 14 | 14.8
Bows           | 1 2 3 4 5 6 7 8 9 10 11 12 13 14 | 14.8
Crossbows      | 1 2 3 4 5 6 7 8 9 10 11 12 13 14 | 14.8
Throwing       | 1 2 3 4 5 6 7 8 9 10 11 12 13 14 | 14.8
Armour         | 1 2 3 4 5 6 7 8 9 10 11 12 13 14 | 14.8
Shields        | 1 2 3 4 5 6 7 8 9 10 11 12 13 14 | 14.8
Unarmed Combat | 1 2 3 4 5 6 7 8 9 10 11 12 13 14 | 14.8
Spellcasting   | 1 2 3 4 5 6 7 8 9 10 11 12 13 14 | 14.8
Evocations     | 1 2 3 4 5 6 7 8 9 10 11 12 13 14 | 14.8
Conjurations   | 1 2 3 4 5 6 7 8 9 10 11 12 | 12.7
Hexes          | 1 2 3 4 5 6 7 8 9 10 11 12 | 12.7
Summonings     | 1 2 3 4 5 6 7 8 9 10 11 12 | 12.7
Necromancy     | 1 2 3 4 5 6 7 8 9 10 11 12 | 12.7
Translocations | 1 2 3 4 5 6 7 8 9 10 11 12 | 12.7
Transmutations | 1 2 3 4 5 6 7 8 9 10 11 12 | 12.7
Fire Magic     | 1 2 3 4 5 6 7 8 9 10 11 12 | 12.7
Ice Magic      | 1 2 3 4 5 6 7 8 9 10 11 12 | 12.7
Air Magic      | 1 2 3 4 5 6 7 8 9 10 11 12 | 12.7
Earth Magic    | 1 2 3 4 5 6 7 8 9 10 11 12 | 12.7
Poison Magic   | 1 2 3 4 5 6 7 8 9 10 11 12 | 12.7
Long Blades    | 5 6 7 8 9 10 11 12 13 14 15 | 15.3
Dodging        | 5 6 7 8 9 10 11 12 13 14 15 | 15.3
Fighting       | 7 8 9 10 11 12 13 14 15 | 15.9

Action                   |  1- 3 |  4- 6 |  7- 9 | 10-12 | 13-15 | 16-18 | 19-21 | 22-24 || total
-------------------------+-------+-------+-------+-------+-------+-------+-------+-------++-------
Melee: Falchion          |    67 |    92 |       |       |       |       |       |       ||   159
       Bite              |    12 |    22 |    27 |    90 |   210 |   149 |   172 |    28 ||   710
       Kick              |       |    43 |    70 |   200 |    90 |    11 |       |       ||   414
       Flail             |       |   162 |    97 |    23 |     4 |       |       |       ||   286
       Scimitar          |       |       |   134 |   600 |  1295 |   922 |   214 |       ||  3165
       Demon trident     |       |       |       |       |       |       |  1004 |   117 ||  1121
       Broad axe         |       |       |       |       |       |       |       |   218 ||   218
 Fire: Hand crossbow     |       |       |       |       |       |   664 |   954 |   279 ||  1897
 Cast: Bolt of Magma     |       |       |       |       |    93 |    30 |       |     4 ||   127
       Iskenderun's Batt |       |       |       |       |     1 |     3 |       |       ||     4
       Freezing Cloud    |       |       |       |       |       |    12 |     1 |     1 ||    14
       Statue Form       |       |       |       |       |       |     4 |       |       ||     4
       Magic Dart        |       |       |       |       |       |     3 |       |       ||     3
       Invisibility      |       |       |       |       |       |     1 |       |       ||     1
       Portal Projectile |       |       |       |       |       |       |       |     1 ||     1
Invok: Lesser Servant of |       |       |       |       |     8 |       |       |       ||     8
       Greater Servant o |       |       |       |       |     1 |     7 |     5 |     2 ||    15
       Minor Destruction |       |       |       |       |       |     7 |       |       ||     7
Evoke: Wand              |       |       |     4 |     9 |       |       |       |       ||    13
       Phial of floods   |       |       |       |       |       |     1 |       |       ||     1
  Use: Potion            |       |     6 |     1 |     3 |     8 |     3 |    10 |     3 ||    34
       Scroll            |       |       |     1 |    12 |     5 |    15 |     7 |    10 ||    50
 Stab: Sleeping          |     4 |    18 |    10 |    10 |    20 |    28 |     3 |     2 ||    95
       Distracted        |       |       |       |     2 |     2 |     2 |     1 |       ||     7
       Invisible         |       |       |       |       |       |     3 |       |       ||     3
Armor: Leather armour    |    28 |    88 |       |       |       |       |       |       ||   116
       Scale mail        |       |     2 |    75 |       |       |       |       |       ||    77
       Steam dragon scal |       |       |    35 |    33 |       |       |       |       ||    68
       Troll leather arm |       |       |       |   106 |   481 |   396 |   423 |    69 ||  1475
       Skin              |       |       |       |       |       |    30 |       |       ||    30
Dodge: Dodged            |    37 |   151 |   135 |   369 |  1038 |   750 |   817 |   165 ||  3462
Block: Buckler           |     6 |    59 |    72 |   235 |   611 |    55 |       |       ||  1038
       Kite shield       |       |    14 |       |       |       |   617 |   835 |   169 ||  1635
       Rpst.: Falchion   |     9 |    13 |       |       |       |       |       |       ||    22
       Scimitar          |       |       |    15 |    95 |   288 |   113 |    21 |       ||   532

Table legend: (Time is in decaauts)
 A = Elapsed time spent in this place.
 B = Non-inter-level travel time spent in this place.
 C = Inter-level travel time spent in this place.
 D = Time resting spent in this place.
 E = Time spent auto-exploring this place.
 F = Levels seen in this place.
 G = Mean time per level.
                   A        B        C        D        E       F      G
               +--------+--------+--------+--------+--------+-----+--------+
         Total |  52190 |  50016 |   2174 |   5211 |  31822 |  45 | 1159.8 |
       Dungeon |  18320 |  17458 |    862 |   2170 |  11988 |  15 | 1221.3 |
        Temple |    162 |    156 |      6 |    143 |      1 |   1 |  162.0 |
          Lair |   8565 |   8128 |    437 |    560 |   4969 |   6 | 1427.5 |
        Shoals |   4416 |   4173 |    243 |    168 |   2699 |   4 | 1104.0 |
     Snake Pit |   5942 |   5746 |    196 |    128 |   3971 |   4 | 1485.5 |
  Orcish Mines |   2544 |   2401 |    143 |    784 |    836 |   2 | 1272.0 |
   Elven Halls |   4228 |   4146 |     82 |    651 |   2460 |   3 | 1409.3 |
        Vaults |   6279 |   6077 |    202 |    283 |   4246 |   4 | 1569.8 |
         Abyss |    139 |    139 |      0 |      0 |     55 |   1 |  139.0 |
        Bazaar |    201 |    201 |      0 |      0 |    101 |   2 |  100.5 |
       Ossuary |    159 |    159 |      0 |     87 |      0 |   1 |  159.0 |
      Ice Cave |    928 |    928 |      0 |    236 |    357 |   1 |  928.0 |
      Gauntlet |    300 |    300 |      0 |      0 |    135 |   1 |  300.0 |
               +--------+--------+--------+--------+--------+-----+--------+

Top non-repeatable levels by time:
  Lair:6: 2484 daAuts
 Snake:4: 2259 daAuts
    D:10: 2099 daAuts
     D:5: 1931 daAuts
   Elf:3: 1802 daAuts
Vaults:2: 1635 daAuts
Vaults:3: 1629 daAuts
   Orc:1: 1571 daAuts
     D:3: 1553 daAuts
Vaults:1: 1543 daAuts
Vaults:4: 1471 daAuts
  Lair:2: 1469 daAuts
   Elf:2: 1400 daAuts
 Snake:1: 1396 daAuts
     D:8: 1349 daAuts
